 Dungeon Crawl Stone Soup version 0.21.1-1-g345015fe64 (webtiles) character file.

854 Gargoyl the Slasher (level 7, 0/59 HPs)
             Began as a Centaur Abyssal Knight on Apr 19, 2018.
             Was a Priest of Lugonu.
             Shot with an arrow by a centaur (9 damage)
             ... on level 5 of the Dungeon.
             The game lasted 00:10:21 (5175 turns).

Gargoyl the Slasher (Centaur Abyssal Knight)        Turns: 5175, Time: 00:10:22

Health: 0/59       AC:  7    Str: 15    XL:     7   Next: 70%
Magic:  20/20      EV:  9    Int: 11    God:    Lugonu [***...]
Gold:   232        SH:  0    Dex: 12    Spells: 6/6 levels left

rFire    . . .     SeeInvis +   d - +1 great sword of Vanity {drain, +Inv MP+9 SInv}
rCold    . . .     Gourm    .   (shield currently unavailable)
rNeg     . . .     Faith    .   n - +0 ring mail
rPois    .         Spirit   .   (no helmet)
rElec    .         Reflect  .   (no cloak)
rCorr    .         Harm     .   b - +0 pair of gloves
MR       .....                  (no barding)
Stlth    +.........             (no amulet)
HPRegen  0.19/turn              (no ring)
MPRegen  0.17/turn              (no ring)

@: very quick
A: large, hooves 3, thin skeletal structure 1, deformed body, speed 2, high mp
1, tough skin 3
a: Depart the Abyss, Bend Space, Banish, Renounce Religion, Evoke Invisibility


You were on level 5 of the Dungeon.
You worshipped Lugonu.
Lugonu was most pleased with you.
You were not hungry.

You visited 1 branch of the dungeon, and saw 5 of its levels.
You visited the Abyss 1 time.
You also visited: Ossuary.

You collected 232 gold pieces.

Inventory:

Hand Weapons
 a - a +1 hand axe
 d - the +1 great sword of Vanity (weapon) {drain, +Inv MP+9 SInv}
   (You found it on level 2 of the Abyss)

   A truly terrible weapon, it drains the life of those it strikes.
   It affects your magic capacity (+9).
   It lets you see invisible.
   It lets you turn invisible.
 l - a +1 war axe
Missiles
 g - a tomahawk (quivered)
Armour
 b - a +0 pair of gloves (worn)
 n - a +0 ring mail (worn)
Scrolls
 f - a scroll of fog
 k - 3 scrolls of identify
 m - a scroll of remove curse
 q - a scroll of enchant weapon
Potions
 e - a potion of lignification {unknown}
 h - a potion of curing
 i - 3 potions of might
 o - a potion of haste {unknown}
 p - 2 potions of agility {unknown}
Comestibles
 c - 4 rations


   Skills:
 + Level 4.1 Fighting
 + Level 4.7 Long Blades
 + Level 2.0 Axes
 + Level 0.5 Throwing
 * Level 3.5 Armour
 + Level 1.6 Dodging
 * Level 4.2 Invocations


You had 6 spell levels left.
You didn't know any spells.

Dungeon Overview and Level Annotations

Branches:
Dungeon (5/15)
 Temple: D:4-7

Altars:
Dithmenos
Fedhas
Makhleb
Wu Jian
Zin


Innate Abilities, Weirdness & Mutations

You have hooves in place of feet.
Armour fits poorly on your strangely shaped body.
You cover ground very quickly.
You have extremely tough skin. (AC +3)
You have a somewhat thin skeletal structure. (Dex +2, Stealth)
You have an increased reservoir of magic. (+10% MP)


Message History

The bush is moderately damaged.
The centaur shoots an arrow.
The arrow barely misses you.
The arrow closely misses the sky beast.
The sky beast flickers out of sight for a moment.
The sky beast hits you but does no damage.
The centaur shoots an arrow.
The arrow hits you.
* * * LOW HITPOINT WARNING * * *
Unknown command.
You hit the bush but do no damage.
The bush is moderately damaged.
The centaur shoots an arrow.
The arrow barely misses you.
The arrow misses the sky beast.
The sky beast hits you but does no damage.
The centaur shoots an arrow.
The arrow hits you but does no damage. The sky beast hits you.
* * * LOW HITPOINT WARNING * * *
The sky beast shocks you.
* * * LOW HITPOINT WARNING * * *
You feel better.
The centaur shoots an arrow.
The arrow hits you!
You die...

###........# ..
#..........#####.
.$...
...........##... ..
.. .
....#.......#..PP.
.. ..
######......#.PPP .
...
#......#PP_PP.#....
#.......P.PcP......
#........P.PPP......
#...........@.......
.....##(...#Y.......
....# ###..#(.......
.... ##..#.......
..... ##..#......
#.... ##.#......
#....# .##.....
....# .# .....
...###


You could see a sky beast (invisible) and a centaur.

Vanquished Creatures
  Menkaure (Ossuary)
  2 ogres
  A phantom (D:4)
  The ghost of archiater the Cudgeler, an amateur GrFi (D:3)
  A howler monkey (D:4)
  A gnoll shaman (D:5)
  A bullfrog skeleton (D:4)
  4 worker ants
  2 orc wizards (D:4)
  A hound skeleton (D:5)
  3 mummies (Ossuary)
  5 gnolls (D:5)
  5 adders
  3 oozes
  An adder skeleton (D:4)
  2 worms
  5 dart slugs
  3 leopard geckos
  8 orcs
  4 giant cockroaches
  5 goblins
  7 hobgoblins
  5 jackals
  8 kobolds
  A quokka (D:5)
  8 bats
  5 frilled lizards
  4 gnoll skeletons (Ossuary)
  2 gnoll zombies (Ossuary)
  3 goblin skeletons (Ossuary)
  2 goblin zombies
  A hobgoblin skeleton (Ossuary)
  A hobgoblin zombie (Ossuary)
  A leopard gecko skeleton (D:4)
  2 orc skeletons (Ossuary)
  An orc zombie (Ossuary)
  7 rats
  A rat skeleton (Ossuary)
118 creatures vanquished.

Vanquished Creatures (others)
  A gnoll zombie (Ossuary)
  3 gnoll skeletons (Ossuary)
  5 goblin skeletons (Ossuary)
  2 goblin zombies (Ossuary)
  A hobgoblin skeleton (Ossuary)
  3 hobgoblin zombies (Ossuary)
  2 kobold skeletons (Ossuary)
  4 kobold zombies (Ossuary)
  An orc skeleton (Ossuary)
  5 orc zombies (Ossuary)
  2 rat skeletons (Ossuary)
  5 rat zombies (Ossuary)
  3 starspawn tentacles (Abyss:3)
37 creatures vanquished.

Grand Total: 155 creatures vanquished

Notes
Turn   | Place    | Note
-------+----------+-------------------------------------------
     0 | Abyss:1  | Gargoyl the Centaur Abyssal Knight began the quest for the Orb.
     0 | Abyss:1  | Reached XP level 1. HP: 19/19 MP: 2/2
    73 | Abyss:2  | Got a twisted great sword
    74 | Abyss:2  | Identified the cursed +1 great sword of Vanity {drain, +Inv MP+9 SInv} (You found it on level 2 of the Abyss)
   114 | Abyss:3  | Noticed a hungry ghost
   206 | Abyss:3  | Noticed a quasit
   206 | Abyss:3  | Noticed a wretched star
   215 | Abyss:3  | Noticed a tentacled starspawn
   297 | Abyss:3  | Noticed a glowing orange brain
   305 | Abyss:3  | Noticed a chaos spawn
   318 | Abyss:3  | Noticed a small abomination
   320 | Abyss:3  | Noticed a large abomination
   332 | Abyss:3  | Noticed a large abomination
   347 | Abyss:3  | Noticed a ynoxinul
   367 | Abyss:3  | Noticed a rust devil
   372 | Abyss:3  | Noticed a ynoxinul
   372 | Abyss:3  | Noticed a tentacled starspawn
   376 | Abyss:3  | Noticed a flying skull
   379 | Abyss:3  | Noticed a flying skull
   381 | Abyss:3  | Noticed a flying skull
   389 | Abyss:3  | Noticed an ancient zyme
   434 | Abyss:3  | Noticed a ynoxinul
   480 | Abyss:3  | Noticed an ancient zyme
   498 | Abyss:3  | Found a corrupted altar of Lugonu.
   514 | Abyss:3  | Noticed a tentacled starspawn
   515 | Abyss:3  | Found a corrupted altar of Lugonu.
   529 | Abyss:3  | Noticed a raiju
   529 | Abyss:3  | Noticed a raiju
   529 | Abyss:3  | Noticed a raiju
   530 | D:1      | Escaped the Abyss
   750 | D:1      | Reached * piety under Lugonu
   751 | D:1      | Reached XP level 2. HP: 24/26 MP: 3/3
  1296 | D:2      | Found a faded altar of an unknown god.
  1312 | D:2      | Reached XP level 3. HP: 18/31 MP: 4/4
  1494 | D:2      | Reached skill level 1 in Long Blades
  1515 | D:2      | Reached skill level 1 in Dodging
  1669 | D:2      | Reached ** piety under Lugonu
  1671 | D:2      | Reached XP level 4. HP: 20/38 MP: 5/5
  2275 | D:3      | Found a shadowy altar of Dithmenos.
  2495 | D:3      | Noticed archiater's ghost (amateur GrFi)
  2499 | D:3      | Killed archiater's ghost
  2499 | D:3      | Reached XP level 5. HP: 46/46 MP: 7/7
  2554 | D:3      | Gained mutation: Your muscles are strong. (Str +2) [potion of mutation]
  2554 | D:3      | Gained mutation: You are clumsy. (Dex -2) [potion of mutation]
  2554 | D:3      | Gained mutation: Scrolls take you a little longer to read. [potion of mutation]
  2554 | D:3      | Gained mutation: You have a somewhat thin skeletal structure. (Dex +2, Stealth) [potion of mutation]
  2611 | D:3      | Found an ornate altar of the Wu Jian Council.
  2793 | D:4      | Noticed a phantom
  2943 | D:4      | Found a sand-covered staircase.
  2954 | Ossuary  | Entered an ossuary
  3088 | Ossuary  | Noticed Menkaure
  3098 | Ossuary  | Killed Menkaure
  3098 | Ossuary  | Reached XP level 6. HP: 18/52 MP: 8/8
  3690 | D:4      | Reached *** piety under Lugonu
  3847 | D:4      | Noticed a balrug
  3848 | D:4      | Found a burning altar of Makhleb.
  3851 | D:4      | Found a glowing silver altar of Zin.
  3851 | D:4      | Noticed an angel
  4041 | D:4      | Reached XP level 7. HP: 24/58 MP: 9/9
  4328 | D:4      | Lost mutation: Scrolls take you a little longer to read. [potion of mutation]
  4328 | D:4      | Lost mutation: Your muscles are strong. (Str +2) [potion of mutation]
  4328 | D:4      | Gained mutation: You have an increased reservoir of magic. (+10% MP) [potion of mutation]
  4328 | D:4      | Lost mutation: You are clumsy. (Dex -2) [potion of mutation]
  4531 | D:5      | Entered Level 5 of the Dungeon
  5161 | D:5      | Found a blossoming altar of Fedhas.
  5174 | D:5      | HP: 2/59 [sky beast (5)]
  5175 | D:5      | Shot with an arrow by a centaur

Skill      XL: |  1  2  3  4  5  6  7 |
---------------+----------------------+-----
Axes           | 2 |  2.0
Long Blades    | 1 2 3 4 |  4.7
Armour         | 2 3 |  3.5
Dodging        | 1 |  1.6
Invocations    | 3 4 |  4.2
Fighting       | 4 |  4.1
Throwing       | |  0.5

Action                   |  1- 3 |  4- 6 |  7- 9 || total
-------------------------+-------+-------+-------++-------
Melee: Great sword       |    80 |   120 |    49 ||   249
       Kick              |    18 |    29 |    22 ||    69
Throw: Tomahawk          |       |       |     2 ||     2
Invok: Depart the Abyss  |     1 |       |       ||     1
  Use: Scroll            |     3 |     6 |     2 ||    11
       Potion            |       |     3 |     2 ||     5
  Eat: Chunk             |     2 |     3 |     3 ||     8
       Ration            |       |     1 |       ||     1
Armor: Leather armour    |    61 |    23 |       ||    84
       Ring mail         |       |    44 |    39 ||    83
Dodge: Dodged            |    87 |    81 |    57 ||   225
       Rpst.: Great sword |    25 |    27 |    15 ||    67
